 Dungeon Crawl Stone Soup version 0.21.1-1-g345015f (webtiles) character file.

793 grindst0ne the Covert (level 7, -7/32 HPs)
             Began as a Spriggan Enchanter on Feb 27, 2018.
             Was a Believer of Dithmenos.
             Killed by divine providence
             ... invoked by an orc priest
              (11 damage)
             ... on level 5 of the Dungeon.
             The game lasted 00:10:03 (3973 turns).

grindst0ne the Covert (Spriggan Enchanter)          Turns: 3973, Time: 00:10:03

Health: -7/32      AC:  2    Str:  9    XL:     7   Next: 57%
Magic:  7/12       EV: 18    Int: 19    God:    Dithmenos [**....]
Gold:   232        SH:  0    Dex: 16    Spells: 5/11 levels left

rFire    . . .     SeeInvis +   a - +1 dagger
rCold    . . .     Gourm    .   (shield restricted)
rNeg     . . .     Faith    +   b - +0 robe
rPois    .         Spirit   .   (helmet restricted)
rElec    .         Reflect  .   (no cloak)
rCorr    .         Harm     .   (gloves unavailable)
MR       +....                  (boots unavailable)
Stlth    ++++++....             f - amulet of faith
HPRegen  0.10/turn              r - +5 ring of strength
MPRegen  0.13/turn              (no ring)

@: wreathed by umbra, very quick
A: very small, unfitting armour, see invisible, herbivore, speed 3, slow
metabolism 2
a: Shadow Step, Renounce Religion


You were on level 5 of the Dungeon.
You worshipped Dithmenos.
Dithmenos was pleased with you.
You were hungry.

You visited 1 branch of the dungeon, and saw 5 of its levels.

You collected 232 gold pieces.

Inventory:

Hand Weapons
 a - a +1 dagger (weapon)
 o - a +0 dagger of protection
Armour
 b - a +0 robe (worn)
Jewellery
 f - an amulet of faith (around neck)
 r - a +5 ring of strength (left hand)
Scrolls
 e - 2 scrolls of blinking {unknown}
 g - 9 scrolls of identify {unknown}
 h - 3 scrolls of teleportation {unknown}
 i - a scroll of enchant armour {unknown}
 l - a scroll of magic mapping {unknown}
 m - a scroll of noise {unknown}
 q - a scroll of fog {unknown}
Potions
 j - 3 potions of heal wounds {unknown}
 k - 4 potions of brilliance {unknown}
 n - 5 potions of degeneration {unknown}
 p - a potion of curing {unknown}
 s - a potion of ambrosia {unknown}
Books
 c - a book of Maledictions

   Spells                             Type                      Level
   a - Corona                         Hexes                        1
   b - Ensorcelled Hibernation        Hexes/Ice                    2
   c - Confuse                        Hexes                        3
   d - Tukima's Dance                 Hexes                        3
   e - Dazzling Spray                 Conjuration/Hexes            3
Comestibles
 d - 11 rations


   Skills:
 - Level 1.1 Short Blades
 - Level 3.0 Dodging
 + Level 10.3 Stealth
 - Level 2.6 Spellcasting
 + Level 8.1 Hexes


You had 5 spell levels left.
You knew the following spells:

 Your Spells              Type           Power        Failure   Level  Hunger
a - Corona                Hex            ####...      1%          1    None
b - Ensorcelled Hibernat  Hex/Ice        ###...       4%          2    ##.....
c - Confuse               Hex            ####....     1%          3    ###....


Dungeon Overview and Level Annotations

Branches:
Dungeon (5/15)
 Temple: D:4-7

Altars:
Dithmenos
Hepliaklqana
Trog


Innate Abilities, Weirdness & Mutations

You are very small and have problems with some larger weapons.
You are too small for most types of armour.
You have supernaturally acute eyesight. (SInv)
You are a herbivore.
You cover ground extremely quickly.
You need consume almost no food.


Message History

Found 10 gold pieces.
An orc comes into view. It is wielding a hand axe.
Found 10 gold pieces.
The orc shouts!
The orc priest shouts!
The orc wizard shouts!
The orc shouts!
You hear a shout!
Found a scroll labeled JINKERIEXO.
The orc wizard shouts!
You hit the orc wizard.
The orc wizard is moderately wounded.
The orc wizard misses you.
The orc wizard points at you and mumbles some strange words.
The magic dart hits you! The orc priest closely misses you.
The orc wizard casts a spell at you. The magic dart hits you!
The orc priest invokes the aid of Beogh against you.
Beogh smites you!
* * * LOW HITPOINT WARNING * * *
The orc priest calls down the wrath of Beogh upon you.
Beogh smites you!
You die...

........(.#
......o...#
..####oo.## #oo.#
##..# #..# #..#
#..# #@.# #..#
#..# ##..# ##...#
###....#
##......# ####
##.......####..#
##........##..###


You could see an orc priest, 2 orc wizards and 2 orcs.

Vanquished Creatures
  Prince Ribbit (D:5)
  Sigmund (D:3)
  A phantom (D:5)
  A bullfrog (D:5)
  A howler monkey (D:5)
  An orc priest (D:3)
  A hound (D:4)
  2 worker ants
  4 adders
  3 oozes
  2 worms
  2 dart slugs (D:1)
  4 leopard geckos
  6 orcs (D:3)
  A ball python (D:3)
  9 bats
  3 giant cockroaches
  6 goblins
  12 hobgoblins
  11 jackals
  2 quokkas (D:3)
  12 frilled lizards
  6 kobolds
  A quokka skeleton (D:3)
  4 rats (D:1)
97 creatures vanquished.

Notes
Turn   | Place    | Note
-------+----------+-------------------------------------------
     0 | D:1      | grindst0ne the Spriggan Enchanter began the quest for the Orb.
     0 | D:1      | Reached XP level 1. HP: 9/9 MP: 5/5
   156 | D:1      | Reached XP level 2. HP: 13/13 MP: 6/6
   226 | D:1      | Reached skill level 5 in Stealth
   243 | D:1      | Learned a level 2 spell: Ensorcelled Hibernation
   414 | D:1      | Reached XP level 3. HP: 16/16 MP: 2/8
   552 | D:1      | Learned a level 3 spell: Confuse
  1434 | D:2      | Reached skill level 6 in Stealth
  1616 | D:2      | Found a bloodstained altar of Trog.
  1616 | D:2      | Found a shadowy altar of Dithmenos.
  1620 | D:2      | Became a worshipper of Dithmenos the Shadowed
  1823 | D:3      | Reached skill level 5 in Hexes
  1823 | D:3      | Reached XP level 4. HP: 21/21 MP: 9/9
  2154 | D:3      | Found a hazy altar of Hepliaklqana.
  2203 | D:3      | Reached skill level 7 in Stealth
  2203 | D:3      | Reached XP level 5. HP: 24/24 MP: 5/10
  2249 | D:3      | Noticed Sigmund
  2252 | D:3      | Killed Sigmund
  2252 | D:3      | Reached skill level 8 in Stealth
  2252 | D:3      | Reached XP level 6. HP: 28/28 MP: 7/11
  2292 | D:3      | Reached * piety under Dithmenos
  3513 | D:4      | Reached ** piety under Dithmenos
  3825 | D:5      | Entered Level 5 of the Dungeon
  3826 | D:5      | Reached skill level 9 in Stealth
  3909 | D:5      | Noticed Prince Ribbit
  3912 | D:5      | Reached XP level 7. HP: 32/32 MP: 8/12
  3928 | D:5      | Killed Prince Ribbit
  3928 | D:5      | Reached skill level 10 in Stealth
  3973 | D:5      | Killed from afar by an orc priest

Skill      XL: |  1  2  3  4  5  6  7 |
---------------+----------------------+-----
Hexes          | 4 5 6 7 8 |  8.1
Stealth        | 5 6 7 8 9 10 | 10.3
Short Blades   | |  1.1
Dodging        | |  3.0
Spellcasting   | |  2.6

Action                   |  1- 3 |  4- 6 |  7- 9 || total
-------------------------+-------+-------+-------++-------
Melee: Dagger            |   132 |   145 |     4 ||   281
 Cast: Corona            |     5 |       |       ||     5
       Ensorcelled Hiber |    12 |    50 |     3 ||    65
       Confuse           |       |     1 |       ||     1
 Stab: Sleeping          |    31 |    37 |     3 ||    71
       Distracted        |       |     1 |       ||     1
       Confused          |       |     2 |       ||     2
  Eat: Ration            |       |     2 |       ||     2
Armor: Robe              |    13 |     2 |       ||    15
Dodge: Dodged            |   121 |   131 |     2 ||   254
